 Dungeon Crawl Stone Soup version 0.25.1-2-g60ff931df9 (webtiles) character file.

Game seed: 11956636695811020840

1577 hawla the Skirmisher (level 8, -2/71 HPs)
             Began as a Minotaur Fighter on Oct 23, 2020.
             Was an Initiate of Gozag.
             Shot with an arrow by a centaur (10 damage)
             ... on level 6 of the Dungeon.
             The game lasted 00:14:39 (7780 turns).

hawla the Skirmisher (Minotaur Fighter)             Turns: 7780, Time: 00:14:40

Health: -2/71      AC:  7    Str: 23    XL:     8   Next: 60%
Magic:  7/7        EV: 13    Int: 11    God:    Gozag
Gold:   604        SH:  0    Dex: 10    Spells: 7/7 levels left

rFire    . . .     SeeInvis .   e - +3 short sword (drain)
rCold    . . .     Gourm    .   (no shield)
rNeg     . . .     Faith    .   v - +0 ring mail
rPois    +         Spirit   .   (helmet restricted)
rElec    .         Reflect  .   (no cloak)
rCorr    .         Harm     .   q - +0 pair of gloves
MR       .....                  (no boots)
Stlth    +.........             (no amulet)
HPRegen  0.21/turn              d - ring of poison resistance
MPRegen  0.10/turn              y - +6 ring of intelligence

@: about to teleport, gold aura, stab
A: retaliatory headbutt, horns 2
a: Potion Petition, Call Merchant, Bribe Branch, Renounce Religion


You were on level 6 of the Dungeon.
You worshipped Gozag.
Gozag was pleased with you.
You were not hungry.

You visited 2 branches of the dungeon, and saw 7 of its levels.

You collected 683 gold pieces.
You paid 79 gold pieces to Gozag.

Inventory:

Hand Weapons
 a - a +0 long sword
 e - a +3 short sword of draining (weapon)
 k - a +2 dagger of holy wrath
Missiles
 g - 15 poisoned darts
 m - 7 javelins
 n - 3 boomerangs (quivered)
Armour
 b - a +1 scale mail
 i - a +0 chain mail of positive energy
 q - a +0 pair of gloves (worn)
 v - a +0 ring mail (worn)
Jewellery
 d - a ring of poison resistance (left hand)
 r - an uncursed ring of fire {unknown}
 y - a +6 ring of intelligence (right hand)
Wands
 t - a wand of flame (9)
Scrolls
 c - 2 scrolls of enchant weapon
 j - a scroll of enchant armour
 o - 6 scrolls of identify
 s - a scroll of magic mapping
 w - a scroll of fear {unknown}
 A - a scroll of blinking {unknown}
Potions
 l - 2 potions of resistance
 u - a potion of mutation {unknown}
 x - 2 potions of berserk rage {unknown}
 z - a potion of degeneration {unknown}
Comestibles
 f - 4 rations


   Skills:
 + Level 6.5 Fighting
 + Level 4.5(5.7) Short Blades
 + Level 5.9(6.7) Long Blades
 + Level 2.6 Throwing
 + Level 4.8 Armour
 * Level 6.0 Dodging
 + Level 2.3 Stealth
   Level 3.6 Shields
 + Level 0.1 Evocations


You had 7 spell levels left.
You didn't know any spells.
Your spell library was empty.

Dungeon Overview and Level Annotations

Branches:
Dungeon (6/15)             Temple (1/1) D:4

Altars:
Dithmenos
Fedhas
Gozag
Kikubaaqudgha
Nemelex Xobeh
Okawaru
Ru
Wu Jian
Yredelemnul
Zin
The Shining One


Innate Abilities, Weirdness & Mutations

You reflexively headbutt those who attack you in melee.
You have a pair of horns on your head.


Message History

The crimson imp shouts!
The orc wizard casts a spell at you. The magic dart hits you.
* * * LOW HITPOINT WARNING * * *
Things that are here:
17 gold pieces; a +0 whip
As you read the scroll of teleportation, it crumbles to dust.
You feel strangely unstable.
The centaur shouts!
The centaur shoots an arrow.
The arrow hits you.
* * * LOW HITPOINT WARNING * * *
The crimson imp throws a stone.
The stone hits you but does no damage.
The centaur shoots an arrow.
The arrow hits you!
* * * LOW HITPOINT WARNING * * *
It was a potion of stabbing.
You feel ready to backstab.
The crimson imp becomes distracted by the nearby gold, dreaming of imaginary riches.
The centaur shoots an arrow.
The arrow hits you!
You die...
Your body crumbles into a pile of gold.

.... #.#...##...##..##..#
#.
#..####.#.oc##..##.......#
#.
#.........5..#...#...##.##
#.
##.........#..#..#...###.#
## .........#.#..#..##..#
#.# ######..##.#..#..##..#
#.# #.<##.#..#......# #.#
#...........###.###.
#####..o.@.....[....
###($.......###
###########


You could see a centaur, an orc wizard, a crimson imp (unaware) and an orc
(wandering).

Vanquished Creatures
  Sigmund (D:3)
  Eustachio (D:4)
  Menkaure (D:4)
  An orc warrior (D:6)
  A phantom (D:6)
  2 centaurs (D:5)
  A bullfrog (D:6)
  A scorpion (D:4)
  A howler monkey (D:4)
  A crimson imp (D:5)
  A quasit (D:6)
  A bullfrog zombie (D:6)
  An orc priest (D:3)
  4 orc wizards
  A hound (D:4)
  A jelly (D:5)
  2 bullfrog skeletons
  2 iguanas (D:4)
  A worker ant (D:6)
  Terence (D:2)
  A hound skeleton (D:5)
  A worker ant zombie (D:5)
  4 adders
  2 shadow imps
  An adder skeleton (D:4)
  4 worms
  A dart slug (D:1)
  4 leopard geckos
  27 orcs
  A ball python (D:3)
  A bat zombie (D:4)
  3 giant cockroaches
  4 goblins
  7 hobgoblins
  7 jackals
  3 quokkas
  3 bats
  7 frilled lizards
  15 kobolds
  9 rats
131 creatures vanquished.

Notes
Turn   | Place    | Note
-------+----------+-------------------------------------------
     0 | D:1      | hawla the Minotaur Fighter began the quest for the Orb.
     0 | D:1      | Reached XP level 1. HP: 19/19 MP: 0/0
   602 | D:1      | Reached XP level 2. HP: 27/27 MP: 1/1
  1460 | D:2      | Reached XP level 3. HP: 33/33 MP: 2/2
  1518 | D:2      | Found a basalt altar of Yredelemnul.
  2234 | D:2      | Reached skill level 1 in Dodging
  2881 | D:3      | Reached XP level 4. HP: 37/41 MP: 3/3
  2884 | D:3      | Found a sparkling altar of Nemelex Xobeh.
  3013 | D:3      | You fall into a shaft and drop 2 floors!
  3013 | D:5      | Entered Level 5 of the Dungeon
  3077 | D:5      | Found a blossoming altar of Fedhas.
  3082 | D:5      | Reached skill level 1 in Short Blades
  3226 | D:5      | Noticed a centaur
  3237 | D:5      | Killed a centaur
  3237 | D:5      | Reached skill level 5 in Fighting
  3237 | D:5      | Reached skill level 1 in Throwing
  3237 | D:5      | Reached XP level 5. HP: 28/48 MP: 4/4
  3424 | D:4      | Found a staircase to the Ecumenical Temple.
  3448 | Temple   | Entered the Ecumenical Temple
  3475 | Temple   | Became a worshipper of Gozag Ym Sagoz the Greedy
  3504 | D:4      | Reached XP level 6. HP: 48/56 MP: 5/5
  4018 | D:3      | You fall into a shaft and drop 3 floors!
  4448 | D:3      | Noticed an angel
  4449 | D:3      | Found a glowing silver altar of Zin.
  4474 | D:3      | Noticed Sigmund
  4474 | D:3      | Noticed Terence
  4779 | D:2      | Killed Terence
  4929 | D:3      | Reached XP level 7. HP: 62/62 MP: 6/6
  5054 | D:3      | Killed Sigmund
  5054 | D:3      | Reached skill level 5 in Long Blades
  5054 | D:3      | Reached skill level 1 in Stealth
  5791 | D:4      | Noticed Eustachio
  5799 | D:4      | Killed Eustachio
  5807 | D:4      | Reached skill level 5 in Dodging
  5994 | D:4      | Noticed Menkaure
  5997 | D:4      | Found an ornate altar of the Wu Jian Council.
  6004 | D:4      | Killed Menkaure
  6004 | D:4      | Reached XP level 8. HP: 20/70 MP: 7/7
  6640 | D:4      | Found an ancient bone altar of Kikubaaqudgha.
  7780 | D:6      | Shot with an arrow by a centaur

Illustrated notes

Levels and vault maps discovered:
D:1:      dpeg_arrival_pond, layout_loops_ring, minmay_tiny_reverse_x
D:2:      layout_loops_ring, yredelemnul_altar_generic, st_stairs_13,
          corexii_shack
D:3:      layout_basic, zin_angel, old_standard_altar, uniq_sigmund,
          uniq_terence
D:4:      layout_loops_ring, lemuel_zombie_altar_kikubaaqudgha,
          nicolae_overflow_crystal_walls, minmay_temple_entry_glass,
          first_ration, uniq_menkaure, uniq_eustachio
D:5:      layout_basic, serial_curves, eino_curves_02, eino_curves_03,
          basic_altar
D:6:      layout_loops_ring, grunt_decor_one_mirror, uniq_maggie
Temple:   eino_wide_crystal_templ

Skill      XL: |  1  2  3  4  5  6  7  8 |
---------------+-------------------------+-----
Fighting       | 4 5 6 |  6.5
Armour         | 4 |  4.8
Dodging        | 1 2 3 4 5 6 |  6.0
Short Blades   | 1 2 4 |  4.5
Long Blades    | 3 4 5 |  5.9
Throwing       | 1 2 |  2.6
Stealth        | 1 2 |  2.3
Shields        | |  3.6
Evocations     | |  0.1

Action                   |  1- 3 |  4- 6 |  7- 9 || total
-------------------------+-------+-------+-------++-------
Melee: Long sword        |    23 |   112 |    11 ||   146
       Short sword       |    61 |     8 |    62 ||   131
       Headbutt          |     5 |    28 |    29 ||    62
       Dagger            |    10 |       |    55 ||    65
Throw: Dart              |     9 |     2 |    10 ||    21
       Boomerang         |       |       |     7 ||     7
Evoke: Wand              |       |       |     2 ||     2
  Use: Scroll            |     5 |       |     3 ||     8
       Potion            |     1 |     2 |     2 ||     5
 Stab: Sleeping          |       |     1 |     2 ||     3
  Eat: Ration            |     1 |     1 |     4 ||     6
       Chunk             |     3 |     2 |       ||     5
Armor: Scale mail        |       |    21 |       ||    21
       Robe              |       |       |     3 ||     3
       Ring mail         |       |       |    21 ||    21
       Leather armour    |       |       |     1 ||     1
Dodge: Dodged            |    56 |    75 |    74 ||   205
       Rpst.: Long sword |     5 |    19 |     3 ||    27
